 Dungeon Crawl Stone Soup version 0.25-a0-927-g39f137c8b7 (webtiles) character file.

Game seed: 8266222829254375294, levelgen mode: deterministic

18383 Maedhros the Martial Artist (level 12, -19/96 HPs)
             Began as an Octopode Artificer on May 3, 2020.
             Was a High Priest of Cheibriados.
             Demolished by a stone giant (30 damage)
             ... on level 1 of the Orcish Mines.
             The game lasted 00:31:30 (7967 turns).

Maedhros the Martial Artist (Octopode Artificer)    Turns: 7967, Time: 00:31:30

Health: -19/96     AC: 26    Str: 33    XL:     12   Next: 57%
Magic:  0/18       EV:  2    Int: 32    God:    Cheibriados [*****.]
Gold:   372        SH:  9    Dex: 31    Spells: 6/20 levels left

rFire    . . .     SeeInvis .     - Unarmed
rCold    . . .     Gourm    .   h - +0 buckler
rNeg     + + +     Faith    .   (helmet currently unavailable)
rPois    +         Spirit   +   L - amulet of guardian spirit
rElec    .         Reflect  .   j - ring of stealth
rCorr    .         Harm     .   r - ring of stealth
MR       .....     NoTele   +   w - +1 ring of evasion
Stlth    +++++++...             H - ring of stealth
HPRegen  0.26/turn              J - +4 ring of strength
MPRegen  0.16/turn              D - ring "Emureurph" {Str+3 Int+5}
                                (no ring)
                                (no ring)

@: tree-form, studying Fire Magic, very slow
A: almost no armour, stealthy swim, (amphibious), 8 rings, (constrict 8), frail
2
a: Bend Time, Temporal Distortion, Slouch, Step From Time, Renounce Religion


You were on level 1 of the Orcish Mines.
You worshipped Cheibriados.
Cheibriados was extremely pleased with you.
You were hungry.
You were a tree.
You visited 3 branches of the dungeon, and saw 14 of its levels.

You collected 708 gold pieces.
You spent 336 gold pieces at shops.

Inventory:

Hand Weapons
 n - a +1 trident of freezing
Missiles
 g - 64 poisoned darts (quivered)
 z - a throwing net
Armour
 e - a +0 tower shield
 h - a +0 buckler (worn)
 B - a +2 hat (melded)
 E - a +0 kite shield
Magical Staves
 l - an uncursed staff of death
 P - an uncursed staff of fire {unknown}
Jewellery
 i - an uncursed amulet of faith
 j - a ring of stealth (left branch)
 r - a ring of stealth (right branch)
 w - a +1 ring of evasion (on tentacle)
 D - the ring "Emureurph" (on tentacle) {Str+3 Int+5}
   (You acquired it on level 12 of the Dungeon)

   [ring of intelligence]

   It affects your strength (+3).
   It affects your intelligence (+5).
 H - a ring of stealth (on tentacle)
 J - a +4 ring of strength (on tentacle)
 L - an amulet of guardian spirit (around neck)
Wands
 a - a wand of paralysis (6)
 b - a wand of flame (7)
 c - a wand of enslavement (2)
 o - a wand of acid (9)
 F - a wand of digging (10)
 G - a wand of clouds (3)
Scrolls
 d - 2 scrolls of blinking
 m - 3 scrolls of enchant weapon
 q - 3 scrolls of fear {unknown}
 s - 2 scrolls of magic mapping
 t - 3 scrolls of immolation
 u - 5 scrolls of remove curse
 y - 3 scrolls of teleportation
 C - 2 scrolls of fog
 I - 2 scrolls of random uselessness
 K - 3 scrolls of noise
 M - 2 scrolls of summoning {unknown}
 N - 2 scrolls of vulnerability {unknown}
Potions
 k - 2 potions of lignification
 v - 3 potions of curing
 x - 2 potions of might
 A - a potion of flight
Books
 p - a manual of Fire Magic
Comestibles
 f - 36 rations


   Skills:
 - Level 7.0 Fighting
   Level 1.0 Short Blades
 - Level 7.1 Dodging
 - Level 4.0 Stealth
 * Level 9.9 Shields
 - Level 10.6 Unarmed Combat
 + Level 4.5 Spellcasting
 * Level 10.2 Fire Magic
 + Level 2.7 Air Magic
 + Level 0.8 Earth Magic
 * Level 4.1 Invocations
 - Level 3.2 Evocations


You had 6 spell levels left.
You knew the following spells:

 Your Spells              Type           Power        Failure   Level  Hunger
a - Bolt of Magma         Conj/Fire/Erth ####......   32%         5    #####..
b - Gell's Gravitas       Tloc           #.........   16%         3    #......
c - Mephitic Cloud        Conj/Pois/Air  ##......     11%         3    #......
d - Conjure Flame         Conj/Fire      #####...     1%          3    #......

Your spell library contained the following spells:

 Spells                   Type           Power        Failure   Level  Hunger
 Magic Dart               Conj           #...         5%          1    None
 Blink                    Tloc           N/A          9%          2    None
 Call Imp                 Summ           #.......     9%          2    None
 Slow                     Hex            #.......     9%          2    None
 Confusing Touch          Hex            #.......     16%         3    #......
 Petrify                  Tmut/Erth      #.......     41%         4    ###....
 Iskenderun's Battlesphe  Conj/Chrm      #.......     83%         5    #####..
 Metabolic Englaciation   Hex/Ice        #.........   83%         5    #####..
 Yara's Violent Unravell  Hex/Tmut       #.........   83%         5    #####..
 Iron Shot                Conj/Erth      #.........   100%        6    ######.
 Orb of Destruction       Conj           #.........   100%        7    #######
 Spellforged Servitor     Conj/Summ      #.........   100%        7    #######


Dungeon Overview and Level Annotations

Branches:
Dungeon (12/15)            Temple (1/1) D:7            Lair (0/6) D:11
    Orc (1/2) D:9

Altars:
Ashenzari
Cheibriados
Dithmenos
Elyvilon
Fedhas
Gozag
Hepliaklqana
Kikubaaqudgha
Makhleb
Nemelex Xobeh
Okawaru
Qazlal
Ru
Sif Muna
Trog
Uskayaw
Vehumet
Wu Jian
Xom
Yredelemnul
Zin
The Shining One

Shops:
D:7 !   D:8 *


Innate Abilities, Weirdness & Mutations

You cannot wear most types of armour.
You are very stealthy in the water. (Stealth+)
((You are amphibious.))
You can wear up to eight rings at the same time.
((You can use your tentacles to constrict eight enemies at once.))
((Your skin changes colour to match your surroundings (Stealth+).))
((Your rubbery body absorbs attacks. (AC +1, EV +1)))
You are very frail. (-20% HP)


Message History

Okay, then.
Okay, then.
Evoke which item? (* to show all) (? for menu, Esc to quit)
Aiming: Corrosive Bolt
Press: ? - help, Shift-Dir - straight line The bolt of acid hits the stone giant!
The stone giant is splashed with acid.
The acid corrodes the stone giant!
The stone giant is moderately wounded.
The stone giant hits you!
* * * LOW HITPOINT WARNING * * *
The orc priest mumbles some strange prayers to Beogh against you.
Beogh smites you!
* * * LOW HITPOINT WARNING * * *
Unknown command.
You feel better. The stone giant hits you!
* * * LOW HITPOINT WARNING * * *
You block the orc priest's attack.
Unknown command.
You feel better. The ogre completely misses you. The stone giant hits you!!
You die...

.........##..$
.............#..
...)....$.......
....#......#..$.
....)..)....$.$.
...$...$...$....
#.#..$TC>O.$....
..).)..o♣...$...
.......<.....$..
..$........#....
$........(......
.^...$......^#..
#.##.##.#..### #
## ######


You could see a stone giant, a troll, an ogre and an orc priest.

Vanquished Creatures
  A centaur warrior (D:12)
  2 two-headed ogres (D:10)
  An unseen horror (D:10)
  A manticore (D:11)
  An ugly thing (D:12)
  5 cyclopes
  3 gargoyles (D:12)
  A komodo dragon (D:12)
  A troll (D:11)
  3 hippogriffs
  Sigmund (D:3)
  A vampire (D:12)
  A wraith (D:12)
  3 wyverns
  Eustachio (D:4)
  28 yaks
  An ice beast (D:6)
  2 electric eels (D:6)
  Duvessa (D:4)
  5 orc warriors
  A swamp drake (D:9)
  6 sky beasts
  A phantom (D:4)
  7 ogres
  A necrophage (D:8)
  8 centaurs
  5 boggarts (D:10)
  A crocodile (D:12)
  5 bullfrogs
  A water moccasin zombie (D:9)
  Dowan (D:4)
  A wyvern skeleton (D:12)
  A scorpion (D:12)
  10 wights (D:10)
  2 howler monkeys
  6 crimson imps
  A centaur zombie (D:9)
  9 orc priests
  3 jellies
  5 orc wizards
  A hound (D:11)
  2 bullfrog skeletons
  2 centaur skeletons
  Ijyb (D:4)
  Terence (D:2)
  2 iguanas
  11 worker ants
  A killer bee zombie (D:8)
  A hound skeleton (D:10)
  A gnoll (D:1)
  A howler monkey zombie (D:11)
  A howler monkey skeleton (D:5)
  9 adders
  A shadow imp (D:10)
  An ooze (D:1)
  A dart slug (D:1)
  5 leopard geckos
  42 orcs
  4 giant cockroaches
  3 goblins
  5 hobgoblins
  12 jackals
  6 quokkas
  A ball python (D:1)
  7 bats
  4 frilled lizards
  3 kobolds
  A leopard gecko zombie (D:6)
  A quokka skeleton (D:8)
  8 rats
277 creatures vanquished.

Vanquished Creatures (collateral kills)
  An orc warrior (D:6)
  A bullfrog (D:6)
  A hound (D:6)
  An orc wizard (D:3)
  2 orc priests (D:6)
  4 orcs (D:6)
10 creatures vanquished.

Vanquished Creatures (others)
  An orc warrior (D:6)
  2 yaks (D:12)
  A jelly (D:10)
  An orc wizard (D:11)
  An orc (D:9)
6 creatures vanquished.

Grand Total: 293 creatures vanquished

Notes
Turn   | Place    | Note
-------+----------+-------------------------------------------
     0 | D:1      | Maedhros the Octopode Artificer began the quest for the
                  | Orb.
     0 | D:1      | Reached XP level 1. HP: 13/13 MP: 3/3
    14 | D:2      | Noticed Terence
    22 | D:2      | Killed Terence
    22 | D:2      | Reached XP level 2. HP: 18/18 MP: 4/4
    22 | D:2      | Reached XP level 3. HP: 23/23 MP: 5/5
    52 | D:3      | Reached skill level 1 in Unarmed Combat
    79 | D:3      | Reached XP level 4. HP: 17/28 MP: 6/6
   359 | D:5      | Entered Level 5 of the Dungeon
   416 | D:5      | Reached XP level 5. HP: 29/33 MP: 7/7
   443 | D:6      | Noticed an orc warrior
   458 | D:6      | Killed an orc warrior
   471 | D:6      | Killed an electric eel
   471 | D:6      | Reached skill level 5 in Unarmed Combat
   471 | D:6      | Reached XP level 6. HP: 22/38 MP: 8/8
   678 | D:6      | Noticed an orc warrior
   723 | D:6      | Noticed an ice beast
   736 | D:6      | Killed an ice beast
   736 | D:6      | Reached XP level 7. HP: 43/43 MP: 9/9
   870 | D:7      | Found Meokute's Distillery.
  1305 | D:5      | Reached XP level 8. HP: 26/48 MP: 10/10
  1323 | D:5      | Found an opulent altar of Gozag.
  2009 | D:4      | Noticed Ijyb
  2017 | D:4      | Killed Ijyb
  2377 | D:4      | Noticed Dowan
  2377 | D:4      | Noticed Eustachio
  2377 | D:4      | Noticed Duvessa
  2390 | D:4      | Killed Duvessa
  2390 | D:4      | Reached skill level 10 in Unarmed Combat
  2400 | D:4      | Killed Dowan
  2402 | D:4      | Killed Eustachio
  2402 | D:4      | Reached XP level 9. HP: 52/53 MP: 11/11
  2547 | D:4      | Reached skill level 1 in Shields
  3013 | D:7      | Found a staircase to the Ecumenical Temple.
  3019 | Temple   | Entered the Ecumenical Temple
  3067 | Temple   | Became a worshipper of Xom of Unknown Intent
  3074 | Temple   | Fell from the grace of Xom
  3074 | Temple   | Became a worshipper of Cheibriados the Contemplative
  3553 | D:1      | Reached * piety under Cheibriados
  3893 | D:2      | Found an ornate altar of the Wu Jian Council.
  4429 | D:3      | Noticed Sigmund
  4440 | D:3      | Killed Sigmund
  4542 | D:3      | Found a faded altar of an unknown god.
  4663 | D:3      | XOM: noise
  4684 | D:4      | XOM: summons 4 hostile shadow creatures
  4782 | D:8      | Reached ** piety under Cheibriados
  4807 | D:8      | Found a white marble altar of Elyvilon.
  4811 | D:8      | Found a bloodstained altar of Trog.
  4811 | D:8      | Found a burning altar of Makhleb.
  4870 | D:8      | Found Bacrempo's Assorted Antiques.
  4876 | D:8      | Bought a scroll labeled NYQUAF UNA for 21 gold pieces
  4876 | D:8      | Bought a scroll labeled FITUAPNIOR for 21 gold pieces
  4876 | D:8      | Bought a scroll labeled DIMARPH PAHE for 21 gold pieces
  4876 | D:8      | Bought a scroll labeled YMOAK SIASONA for 21 gold pieces
  4876 | D:8      | Bought a potion of lignification for 63 gold pieces
  4876 | D:8      | Bought a scroll labeled DIMARPH PAHE for 21 gold pieces
  4876 | D:8      | Bought a wand of acid (6) for 168 gold pieces
  4969 | D:8      | Found a shattered altar of Ashenzari.
  5114 | D:9      | Found an ancient bone altar of Kikubaaqudgha.
  5118 | D:9      | Found a blossoming altar of Fedhas.
  5135 | D:9      | XOM: 3-stop teleportation journey
  5136 | D:9      | Identified a scroll of acquirement
  5248 | D:9      | Reached skill level 5 in Shields
  5315 | D:9      | Found a staircase to the Orcish Mines.
  5322 | D:9      | Reached *** piety under Cheibriados
  5322 | D:9      | Reached XP level 10. HP: 52/63 MP: 12/12
  5472 | D:9      | XOM: noise
  5594 | D:9      | XOM: give mutations
  5594 | D:9      | Gained mutation: You are dopey. (Int -2) [Xom's mischief]
  5594 | D:9      | Gained mutation: You are clumsy. (Dex -2) [Xom's mischief]
  5594 | D:9      | Lost mutation: You are dopey. (Int -2) [Xom's mischief]
  5734 | D:10     | Entered Level 10 of the Dungeon
  5749 | D:10     | Reached skill level 5 in Dodging
  5786 | D:10     | Learned a level 5 spell: Bolt of Magma
  5814 | D:10     | Reached skill level 1 in Fire Magic
  5890 | D:10     | Reached skill level 5 in Fighting
  5890 | D:10     | Reached skill level 1 in Spellcasting
  5903 | D:10     | Reached **** piety under Cheibriados
  6117 | D:11     | Reached skill level 5 in Fire Magic
  6120 | D:11     | Reached XP level 11. HP: 69/72 MP: 10/14
  6172 | D:11     | Noticed a cyclops
  6189 | D:11     | Killed a cyclops
  6261 | D:11     | XOM: noise
  6313 | D:11     | Reached ***** piety under Cheibriados
  6345 | D:10     | Learned a level 3 spell: Gell's Gravitas
  6358 | D:10     | XOM: noise
  6362 | D:10     | Noticed a two-headed ogre
  6368 | D:10     | Killed a two-headed ogre
  6638 | D:10     | Noticed a two-headed ogre
  6644 | D:10     | Killed a two-headed ogre
  6687 | D:10     | XOM: give mutations
  6687 | D:10     | Gained mutation: You are frail. (-10% HP) [Xom's mischief]
  6687 | D:10     | Gained mutation: You are weak. (Str -2) [Xom's mischief]
  6707 | D:11     | Found a staircase to the Lair.
  6810 | D:11     | Found a glowing golden altar of the Shining One.
  6953 | D:11     | Noticed a cyclops
  6957 | D:11     | Noticed a manticore
  6960 | D:11     | Killed a cyclops
  6978 | D:11     | Killed a manticore
  7001 | D:11     | XOM: noise
  7129 | D:11     | Learned a level 3 spell: Mephitic Cloud
  7130 | D:11     | Identified the +5 dagger "Arcanum" {freeze, SInv}
  7198 | D:12     | Noticed a cyclops
  7211 | D:12     | Killed a cyclops
  7211 | D:12     | Reached skill level 1 in Invocations
  7230 | D:12     | XOM: 3-stop teleportation journey
  7240 | D:12     | Reached skill level 1 in Air Magic
  7244 | D:12     | Noticed a green ugly thing
  7259 | D:12     | XOM: noise
  7296 | D:12     | Reached XP level 12. HP: 31/72 MP: 9/17
  7362 | D:12     | Identified the ring "Emureurph" {Str+3 Int+5} (You acquired
                  | it on level 12 of the Dungeon)
  7473 | D:12     | Noticed a centaur warrior
  7485 | D:12     | Killed a centaur warrior
  7502 | D:12     | XOM: give mutations
  7502 | D:12     | Gained mutation: You are very frail. (-20% HP) [Xom's
                  | mischief]
  7502 | D:12     | Lost mutation: You are clumsy. (Dex -2) [Xom's mischief]
  7502 | D:12     | Gained mutation: Scrolls take you a little longer to read.
                  | [Xom's mischief]
  7527 | D:12     | Reached ****** piety under Cheibriados
  7646 | D:12     | XOM: god gift: scroll of fog
  7682 | D:12     | Learned a level 3 spell: Conjure Flame
  7687 | D:12     | Reached skill level 10 in Fire Magic
  7764 | D:12     | XOM: god gift: wand of clouds (3)
  7895 | D:9      | XOM: give mutations
  7895 | D:9      | Lost mutation: You are weak. (Str -2) [Xom's mischief]
  7895 | D:9      | Lost mutation: Scrolls take you a little longer to read.
                  | [Xom's mischief]
  7953 | Orc:1    | Entered Level 1 of the Orcish Mines
  7953 | Orc:1    | Noticed a stone giant
  7966 | Orc:1    | HP: 4/96 [stone giant (10)]
  7967 | Orc:1    | Demolished by a stone giant

Levels and vault maps discovered:
D:1:      dpeg_arrival_simpleton_c, layout_loops_ring
D:2:      layout_basic, overflow_temple_1_default, uniq_terence
D:3:      layout_loops_cross, chequers_ecumenical_altar_simple_redux,
          mrwooster_statue_mirror, due_unseen_surprise, uniq_sigmund
D:4:      layout_loops_cross, first_ration, chequers_serial_rivers_small_3,
          uniq_ijyb, uniq_eustachio, uniq_duvessa
D:5:      layout_rooms, kennysheep_mini_moat
D:6:      layout_layer_cave, lightli_minifort, uniq_blork_the_orc
D:7:      layout_rooms, minmay_temple_entry_enclosed_plants, serial_shops,
          nicolae_shop_stone, grunt_ogre_cave, grunt_decor_cap,
          serial_park_tiny_1
D:8:      layout_loops_ring, ashenzari_conservatory_becter, minitemple,
          serial_shops, shop, serial_rivers, chequers_serial_rivers_micro_c,
          chequers_serial_rivers_micro_e, chequers_serial_rivers_marsh,
          chequers_serial_rivers_marsh, hangedman_decor_opposing
D:9:      layout_loops_ring, grunt_temple_overflow_growth_and_decay, erik_orc_1
D:10:     layout_loops_ring
D:11:     layout_loops_ring, lair_entry_dummy, lemuel_statue_altar
D:12:     kennysheep_room_grid, layout_loops_ring, minivault_20
Temple:   eino_temple_water
Orc:1:    layout_caves

Skill      XL: |  1  2  3  4  5  6  7  8  9 10 11 12 |
---------------+-------------------------------------+-----
Stealth        | 4 |  4.0
Unarmed Combat | 2 3 5 6 8 10 | 10.6
Shields        | 5 7 9 |  9.9
Fighting       | 4 5 6 7 |  7.0
Dodging        | 4 5 6 7 |  7.1
Fire Magic     | 5 9 10 | 10.2
Spellcasting   | 2 3 4 |  4.5
Invocations    | 1 4 |  4.1
Air Magic      | 1 2 |  2.7
Short Blades   | |  1.0
Earth Magic    | |  0.8
Evocations     | |  3.2

Action                   |  1- 3 |  4- 6 |  7- 9 | 10-12 || total
-------------------------+-------+-------+-------+-------++-------
Melee: Short sword       |    15 |    30 |       |       ||    45
       Tentacles         |     6 |     8 |    64 |   141 ||   219
       Constrict         |     5 |     9 |    58 |    39 ||   111
       Trident           |       |       |    92 |       ||    92
       Punch             |       |       |    30 |    71 ||   101
       Unarmed           |       |       |   220 |   379 ||   599
Throw: Dart              |       |       |     2 |     3 ||     5
 Cast: Mephitic Cloud    |       |       |       |     2 ||     2
       Conjure Flame     |       |       |       |     1 ||     1
Invok: Slouch            |       |       |       |     1 ||     1
Evoke: Wand              |     2 |    23 |    13 |    23 ||    61
  Use: Potion            |       |       |     1 |     9 ||    10
       Scroll            |       |       |    12 |     2 ||    14
 Stab: Sleeping          |     4 |     1 |    34 |    13 ||    52
       Paralysed         |       |     2 |       |       ||     2
       Distracted        |       |       |     2 |     1 ||     3
       Confused          |       |       |       |     4 ||     4
  Eat: Ration            |       |       |     1 |       ||     1
       Chunk             |       |       |     8 |     5 ||    13
Armor: Skin              |       |     1 |    29 |    27 ||    57
Dodge: Dodged            |     9 |    13 |   165 |   198 ||   385
Block: Buckler           |       |     3 |    48 |    94 ||   145

Table legend:
 A = Non-vault XP
 B = Vault XP
 C = Vault XP percentage of total XP
 D = Non-vault monster count
 E = Vault monster count
 F = Vault count percentage of total count
                 A         B        C        D         E       F
            +---------+---------+-------+---------+---------+-------
      Total |   20590 |    5672 |  21.6 |     250 |      38 |  13.2
            +---------+---------+-------+---------+---------+-------
        D:1 |      56 |       0 |   0.0 |      22 |       0 |   0.0
        D:2 |      25 |      36 |  59.0 |      10 |       1 |   9.1
        D:3 |     305 |     238 |  43.8 |      25 |       1 |   3.8
        D:4 |     228 |     461 |  66.9 |      15 |       4 |  21.1
        D:5 |     838 |       0 |   0.0 |      21 |       0 |   0.0
        D:6 |     781 |      79 |   9.2 |      15 |       3 |  16.7
        D:7 |     383 |     122 |  24.2 |       5 |       1 |  16.7
        D:8 |     422 |       0 |   0.0 |      11 |       0 |   0.0
        D:9 |     885 |     587 |  39.9 |      14 |      16 |  53.3
       D:10 |    6707 |       0 |   0.0 |      46 |       0 |   0.0
       D:11 |    5008 |       0 |   0.0 |      33 |       0 |   0.0
       D:12 |    4738 |    4149 |  46.7 |      27 |      12 |  30.8
      Orc:1 |     214 |       0 |   0.0 |       6 |       0 |   0.0
            +---------+---------+-------+---------+---------+-------
